 Dungeon Crawl Stone Soup version 0.26.1-2-gb8aa6d0cf2 (webtiles) character file.

Game seed: 15185558664551314439

26691 Revguard the Frost Mage (level 12, -21/91 HPs)
             Began as a Demigod Ice Elementalist on Feb 28, 2021.
             Killed from afar by an efreet (26 damage)
             ... with a fireball
             ... on level 13 of the Dungeon.
             The game lasted 00:59:39 (18098 turns).

Revguard the Frost Mage (Demigod Ice Elementalist) Turns: 18098, Time: 00:59:39

Health: -21/91     AC:  7    Str: 15    XL:     12   Next: 63%
Magic:  29/38      EV: 14    Int: 21    God:
Gold:   684        SH:  5    Dex: 18    Spells: 4/28 levels left

rFire    . . .     SeeInvis .   s - +5 quarterstaff (freeze)
rCold    . . .     Faith    .   (shield currently unavailable)
rNeg     . . .     Spirit   .   m - +1 troll leather armour
rPois    .         Reflect  +   A - +1 hat {Will+}
rElec    .         Harm     .   t - +0 cloak
rCorr    .         Rampage  +   (no gloves)
Will     ++...                  B - +1 pair of boots {rampage}
Stlth    ++........             d - amulet of reflection
HPRegen  0.65/turn              h - ring of magical power
MPRegen  0.26/turn              H - ring of flight

@: no status effects
A: antennae 1, deformed body, high mp 1
a: Evoke Flight


You were on level 13 of the Dungeon.
You visited 1 branch of the dungeon, and saw 13 of its levels.
You also visited: Bailey.

You collected 774 gold pieces.
You spent 90 gold pieces at shops.

Inventory:

Hand Weapons
 g - a +0 dagger of venom
 k - a +1 falchion of freezing
 s - a +5 quarterstaff of freezing (weapon)
Armour
 m - a +1 troll leather armour (worn)
 o - the +1 robe of the Stone Wall {+Fly}
   (You found it on level 4 of the Dungeon)

   It lets you fly.
 t - a +0 cloak (worn)
 A - a +1 hat of willpower (worn)
 B - a +1 pair of boots of rampaging (worn)
Magical Staves
 u - an uncursed staff of earth
Jewellery
 d - an amulet of reflection (around neck)
 h - a ring of magical power (left hand)
 H - a ring of flight (right hand)
Wands
 b - a wand of paralysis (8)
 e - a wand of digging (4)
 z - a wand of flame (31)
 G - a wand of random effects (25)
Scrolls
 a - 2 scrolls of fear
 c - 3 scrolls of teleportation
 j - a scroll of fog
 l - 6 scrolls of blinking
 r - 5 scrolls of remove curse
 w - a scroll of silence
 y - 2 scrolls of immolation
 D - 2 scrolls of identify
 E - 2 scrolls of amnesia
Potions
 i - 5 potions of haste
 n - 7 potions of curing
 p - 3 potions of flight
 q - 2 potions of invisibility
 v - 2 potions of might
 x - 2 potions of magic
 F - a potion of lignification
Miscellaneous
 C - a condenser vane


   Skills:
 + Level 4.1 Fighting
 + Level 0.2(1.5) Short Blades
 + Level 2.4 Long Blades
 + Level 4.7 Staves
 + Level 2.8 Armour
 + Level 4.5 Dodging
 + Level 3.6 Stealth
 + Level 2.2 Shields
 + Level 0.6 Unarmed Combat
 + Level 8.8 Spellcasting
 * Level 7.4 Conjurations
 * Level 5.5 Hexes
 + Level 3.5 Transmutations
 + Level 3.4 Fire Magic
 + Level 9.5 Ice Magic
 + Level 6.3 Evocations


You had 4 spell levels left.
You knew the following spells:

 Your Spells              Type           Power        Failure   Level
a - Freeze                Ice            100%         1%          1
b - Frozen Ramparts       Ice            98%          1%          3
c - Ozocubu's Armour      Ice            49%          1%          3
d - Hailstorm             Conj/Ice       44%          2%          4
e - Invisibility          Hex            32%          82%         6
f - Tukima's Dance        Hex            32%          2%          3
g - Ice Form              Ice/Tmut       36%          6%          4

Your spell library contained the following spells:

 Spells                   Type           Power        Failure   Level
 Magic Dart               Conj           100%         1%          1
 Slow                     Hex            32%          1%          2
 Beastly Appendage        Tmut           48%          2%          1
 Wereblood                Tmut           24%          3%          2
 Conjure Flame            Conj/Fire      31%          3%          3
 Apportation              Tloc           18%          9%          1
 Mephitic Cloud           Conj/Pois/Air  19%          10%         3
 Spider Form              Tmut/Pois      8%           13%         3
 Summon Ice Beast         Ice/Summ       29%          13%         4
 Blink                    Tloc           N/A          14%         2
 Call Imp                 Summ           9%           14%         2
 Lesser Beckoning         Tloc           4%           26%         3
 Blade Hands              Tmut           12%          52%         5
 Alistair's Intoxication  Tmut/Pois      10%          77%         5


Dungeon Overview and Level Annotations

Branches:
Dungeon (13/15)            Temple (0/1) D:6            Lair (0/6) D:8
    Orc (0/2) D:11         Bailey (visited)
 Vaults: D:13-14


Innate Abilities, Weirdness & Mutations

You have an increased reservoir of magic. (+10% MP)
You have a pair of small antennae on your head.
Armour fits poorly on your strangely shaped body.


Message History

You hit the water elemental. You freeze the water elemental.
You destroy the water elemental!
The efreet gestures at you.
The fireball explodes!
The fireball engulfs you!!
The fireball engulfs the efreet.
The efreet completely resists.
You hear an angry hiss.
You feel better. The efreet gestures at you.
The fireball explodes!
The fireball engulfs you!!
* * * LOW HITPOINT WARNING * * *
The fireball engulfs the efreet.
The efreet completely resists.
You hear an angry hiss.
Blink to where?
Press: ? - help, Dir - move target
As you read the scroll of blinking, it crumbles to dust.
A water elemental comes into view.
You open the door. The efreet gestures at you.
The fireball explodes!
The fireball engulfs you!!
You die...

..#. ##≈.########
..#.##≈≈≈≈≈.≈≈≈≈#≈≈≈≈≈
≈..≈≈≈≈≈≈≈≈≈≈≈≈≈>≈≈≈≈≈
≈.≈≈≈≈≈....≈≈≈≈≈≈.≈≈#
≈≈≈≈≈≈.............#
.≈≈.....<........?.#
.≈≈................#
#................#
#.....R....@.....#
#....○##'#'#######
#.....##.#.
#.....##.#.
#.######.#. #. #.#. #
######.########.
#.......<.......
#(..............


You could see an efreet.

Vanquished Creatures
  An orc warlord (Bailey)
  2 boulder beetles
  A centaur warrior (D:13)
  A death yak (D:8)
  2 two-headed ogres
  A deep elf mage (D:9)
  Pikel (D:5)
  3 ugly things
  A manticore (D:12)
  An elephant (D:8)
  2 cyclopes (D:12)
  2 centaur skeletons (D:11)
  2 trolls (D:9)
  A hornet (D:11)
  A shadow (D:10)
  A water elemental (D:13)
  A steam dragon (D:12)
  23 yaks
  Edmund (D:5)
  An acid dragon (D:12)
  Duvessa (D:5)
  7 orc warriors
  A swamp drake (D:9)
  4 ice beasts
  3 black bears
  12 centaurs
  A big kobold (D:9)
  A gnoll sergeant (D:11)
  8 bullfrogs
  Dowan (D:5)
  A water moccasin zombie (D:12)
  3 scorpions
  11 killer bees (D:9)
  5 wights (D:11)
  5 electric eels (D:11)
  A crimson imp (D:9)
  2 centaur zombies
  A bullfrog zombie (D:8)
  5 hounds
  Crazy Yiuf (D:6)
  3 jellies
  14 orc priests
  A bullfrog skeleton (D:11)
  An iron imp (D:9)
  21 orc wizards
  11 worker ants
  A hound skeleton (D:4)
  A worker ant zombie (D:7)
  11 adders
  10 gnolls
  A howler monkey skeleton (D:4)
  2 shadow imps
  2 white imps
  3 ufetubi
  An ooze (D:1)
  2 adder zombies
  3 dart slugs
  3 leopard geckos
  81 orcs
  3 ball pythons
  5 giant cockroaches
  7 goblins
  16 hobgoblins
  6 jackals
  21 kobolds
  5 quokkas
  6 bats
  7 frilled lizards
  A leopard gecko zombie (D:5)
  A quokka zombie (D:5)
  6 rats
379 creatures vanquished.

Vanquished Creatures (others)
  A deep elf mage (D:9)
  3 plants
4 creatures vanquished.

Grand Total: 383 creatures vanquished

Notes
Turn   | Place    | Note
-------+----------+-------------------------------------------
     0 | D:1      | Revguard the Demigod Ice Elementalist began the quest for
                  | the Orb.
     0 | D:1      | Reached XP level 1. HP: 14/14 MP: 5/5
   272 | D:1      | Reached XP level 2. HP: 20/20 MP: 4/7
   273 | D:1      | Reached skill level 4 in Ice Magic
   991 | D:1      | Gained mutation: Armour fits poorly on your strangely
                  | shaped body. [potion of mutation]
   991 | D:1      | Gained mutation: You have a pair of small antennae on your
                  | head. [potion of mutation]
  1475 | D:2      | Reached XP level 3. HP: 12/26 MP: 9/9
  1491 | D:2      | Learned a level 3 spell: Frozen Ramparts
  2089 | D:2      | Learned a level 3 spell: Ozocubu's Armour
  2645 | D:3      | Found a snail-covered altar of Cheibriados.
  2706 | D:3      | Noticed an orc warrior
  2726 | D:3      | Reached XP level 4. HP: 25/33 MP: 10/11
  2729 | D:3      | Killed an orc warrior
  2730 | D:3      | Reached skill level 1 in Evocations
  2730 | D:3      | Reached XP level 5. HP: 13/38 MP: 8/12
  3079 | D:3      | Found a shadowy altar of Dithmenos.
  3200 | D:3      | Reached skill level 1 in Armour
  3542 | D:3      | Found a faded altar of an unknown god.
  4007 | D:3      | Found a sacrificial altar of Ru.
  4007 | D:3      | Found a sparkling altar of Nemelex Xobeh.
  4008 | D:3      | Found a burning altar of Makhleb.
  4241 | D:4      | Got a faintly glowing robe
  4252 | D:4      | Identified the cursed +1 robe of the Stone Wall {+Fly} (You
                  | found it on level 4 of the Dungeon)
  4395 | D:4      | Reached XP level 6. HP: 41/46 MP: 14/14
  4400 | D:4      | Reached skill level 1 in Fighting
  4525 | D:4      | Learned a level 4 spell: Hailstorm
  4652 | D:4      | Found a bloodstained altar of Trog.
  5109 | D:4      | Reached skill level 1 in Long Blades
  6034 | D:5      | Entered Level 5 of the Dungeon
  6084 | D:5      | Found an ancient bone altar of Kikubaaqudgha.
  6107 | D:5      | Noticed Duvessa
  6107 | D:5      | Noticed Dowan
  6117 | D:5      | Killed Duvessa
  6118 | D:5      | Reached skill level 5 in Ice Magic
  6118 | D:5      | Reached XP level 7. HP: 51/52 MP: 16/16
  6122 | D:5      | Killed Dowan
  6416 | D:5      | Noticed Edmund
  6438 | D:5      | Killed Edmund
  6579 | D:5      | Found a stormy altar of Qazlal.
  6634 | D:5      | Noticed Pikel
  6651 | D:5      | Killed Pikel
  6652 | D:5      | Reached skill level 5 in Spellcasting
  6652 | D:5      | Reached skill level 6 in Ice Magic
  6652 | D:5      | Reached XP level 8. HP: 32/59 MP: 17/19
  7019 | D:6      | Reached skill level 1 in Conjurations
  7566 | D:6      | Found a staircase to the Ecumenical Temple.
  7684 | D:6      | Found an opulent altar of Gozag.
  7715 | D:6      | Found a runed translucent door.
  7716 | D:6      | Noticed Crazy Yiuf
  7811 | D:6      | Killed Crazy Yiuf
  8077 | D:7      | Reached skill level 1 in Shields
  8285 | D:7      | Reached skill level 1 in Staves
  8704 | D:7      | Found a glowing golden altar of the Shining One.
  8706 | D:7      | Noticed an angel
  8716 | D:7      | Found a shimmering blue altar of Sif Muna.
  8724 | D:7      | Found a basalt altar of Yredelemnul.
  8726 | D:7      | Noticed a profane servitor
  9055 | D:6      | Found an ancient bone altar of Kikubaaqudgha.
  9650 | D:8      | Noticed an elephant
  9650 | D:8      | Noticed a death yak
  9651 | D:8      | Found a staircase to the Lair.
  9664 | D:8      | Reached XP level 9. HP: 56/67 MP: 20/20
  9674 | D:8      | Killed a death yak
 10067 | D:8      | Found Zin's Purification Station.
 10071 | D:8      | Found a glowing silver altar of Zin.
 10075 | D:8      | Bought a potion of curing for 90 gold pieces
 10317 | D:8      | Killed an elephant
 10318 | D:8      | Reached skill level 7 in Ice Magic
 10684 | D:9      | Reached skill level 5 in Evocations
 10694 | D:9      | Found a flagged portal.
 10716 | D:9      | Reached XP level 10. HP: 72/74 MP: 1/23
 10830 | Bailey   | Entered a bailey
 10858 | Bailey   | Noticed an orc warlord
 11118 | Bailey   | Found a runed translucent gate.
 11120 | Bailey   | Found a runed translucent gate.
 11122 | Bailey   | Found a runed translucent gate.
 11611 | Bailey   | Killed an orc warlord
 11612 | Bailey   | Reached skill level 8 in Ice Magic
 11640 | Bailey   | Identified a scroll of acquirement
 11641 | Bailey   | Acquired a book of Party Tricks
 11650 | Bailey   | Learned a level 6 spell: Invisibility
 11650 | Bailey   | Reached skill level 5 in Conjurations
 11650 | Bailey   | Reached XP level 11. HP: 57/82 MP: 14/26
 11775 | Bailey   | Learned a level 3 spell: Tukima's Dance
 12206 | D:9      | Found a white marble altar of Elyvilon.
 13303 | D:9      | Noticed a deep elf mage
 13309 | D:9      | Killed a deep elf mage
 13396 | D:9      | Noticed a deep elf mage
 13409 | D:9      | Killed a deep elf mage
 13605 | D:10     | Entered Level 10 of the Dungeon
 13744 | D:10     | Found a transporter.
 13745 | D:10     | Found a transporter.
 13745 | D:10     | Noticed a boulder beetle
 14715 | D:10     | Killed a boulder beetle
 14776 | D:11     | Noticed a boulder beetle
 14809 | D:11     | Killed a boulder beetle
 14810 | D:11     | Reached skill level 9 in Ice Magic
 14976 | D:11     | Found a staircase to the Orcish Mines.
 15285 | D:11     | Reached XP level 12. HP: 57/90 MP: 28/28
 17095 | D:12     | Reached skill level 5 in Hexes
 17459 | D:12     | Learned a level 4 spell: Ice Form
 17591 | D:12     | Found a sacrificial altar of Ru.
 18009 | D:13     | Noticed a centaur warrior
 18021 | D:13     | Killed a centaur warrior
 18095 | D:13     | HP: 3/91 [efreet/fireball (34)]
 18098 | D:13     | Killed from afar by an efreet

Illustrated notes

Levels and vault maps discovered:
D:1:      onia_arrival_mini_spirals, layout_basic, serial_forest,
          infiniplex_forest_clump_curved, infiniplex_forest_side_room,
          infiniplex_forest_lined_2, infiniplex_forest_end_2,
          infiniplex_forest_straight_2, infiniplex_forest_clump_curved
D:2:      layout_rooms
D:3:      layout_loops_ring, kennysheep_slug_shrine, overflow_temple_1_default,
          chequers_temple_overflow_statue_of_worship,
          chequers_ecumenical_altar_twisty
D:4:      minmay_spotlight, layout_layer_cave, lightli_temple_of_fire,
          hangedman_decor_points
D:5:      layout_basic, lemuel_doored_altar, basic_altar, uniq_duvessa,
          uniq_pikel, uniq_edmund
D:6:      layout_cave_pools, nicolae_overflow_hidden_temple, temple_doors_ab,
          lemuel_tele_altar, uniq_crazy_yiuf_cottage
D:7:      layout_loops_corners, kennysheep_mini, grunt_temple_overflow_holy_war
D:8:      layout_loops_corners, zin_purify, david_lair_generic,
          minmay_misc_feat_alley
D:9:      layout_stronghold, lemuel_round_altar, enter_bailey_8,
          hangedman_minor_magic
D:10:     gammafunk_boulding_lane, layout_layer_cave
D:11:     statuecave_lemuel, layout_basic, hiddenorc2_lemuel,
          nicolae_straight_to_the_point
D:12:     layout_long_grid, basic_altar, kennysheep_generic_room_2
D:13:     layout_basic

Skill      XL: |  1  2  3  4  5  6  7  8  9 10 11 12 |
---------------+-------------------------------------+-----
Spellcasting   | 2 3 5 6 7 8 |  8.8
Ice Magic      | 4 5 6 7 8 9 |  9.5
Stealth        | 2 3 |  3.6
Dodging        | 2 3 4 |  4.5
Evocations     | 1 2 3 4 5 6 |  6.3
Armour         | 1 2 |  2.8
Fighting       | 1 2 3 4 |  4.1
Long Blades    | 1 2 |  2.4
Conjurations   | 2 4 5 6 7 |  7.4
Shields        | 1 2 |  2.2
Staves         | 1 2 3 4 |  4.7
Hexes          | 3 4 5 |  5.5
Transmutations | 3 |  3.5
Fire Magic     | 3 |  3.4
Short Blades   | |  0.2
Unarmed Combat | |  0.6

Action                   |  1- 3 |  4- 6 |  7- 9 | 10-12 || total
-------------------------+-------+-------+-------+-------++-------
Melee: Unarmed           |    16 |     2 |       |    12 ||    30
       Falchion          |       |    61 |    38 |       ||    99
       Dagger            |       |    22 |       |       ||    22
       Punch             |       |     1 |       |       ||     1
       Quarterstaff      |       |       |    46 |   236 ||   282
       Staff             |       |       |    32 |       ||    32
 Cast: Freeze            |    61 |    12 |    30 |    86 ||   189
       Frozen Ramparts   |     6 |    13 |    25 |    49 ||    93
       Ozocubu's Armour  |       |     3 |    14 |    26 ||    43
       Hailstorm         |       |       |    15 |    78 ||    93
       Tukima's Dance    |       |       |       |     2 ||     2
       Ice Form          |       |       |       |     2 ||     2
 Abil: Evoke Flight      |       |       |       |    10 ||    10
       Stop Flying       |       |       |       |     2 ||     2
Evoke: Wand              |       |       |     1 |     1 ||     2
  Use: Scroll            |     8 |     4 |     7 |    12 ||    31
       Potion            |     6 |     2 |     4 |     8 ||    20
 Stab: Sleeping          |       |     5 |     1 |     7 ||    13
Armor: Robe              |     2 |     8 |    21 |     6 ||    37
       Leather armour    |       |     7 |       |       ||     7
       Troll leather arm |       |       |       |    86 ||    86
       Skin              |       |       |       |     6 ||     6
Dodge: Dodged            |    39 |    62 |   139 |   296 ||   536
Block: Other             |     5 |    26 |    34 |   117 ||   182
       Reflection        |     1 |       |     3 |    29 ||    33
       Rpst.: Falchion   |       |    18 |    17 |       ||    35
